 Dungeon Crawl Stone Soup version 0.24.0-123-gd5b16e6ec5 (webtiles) character file.

Game seed: 4205592352354279473, levelgen mode: deterministic

77610 Ink5 the Thaumaturge (level 15, -21/115 HPs)
             Began as a Gnoll Wizard on Jan 21, 2020.
             Was a High Priest of Ashenzari.
             Killed from afar by a crystal guardian (28 damage)
             ... with a crystal bolt
             ... on level 14 of the Dungeon.
             The game lasted 02:02:02 (29712 turns).

Ink5 the Thaumaturge (Gnoll Wizard)                Turns: 29712, Time: 02:02:02

Health: -21/115    AC: 24    Str: 17    XL:     15   Next: 57%
Magic:  31/31      EV: 12    Int: 27    God:    Ashenzari [*****.]
Gold:   1360       SH: 19    Dex: 16    Spells: 21/38 levels left

rFire    . . .     SeeInvis +   M - +3 war axe (drain)
rCold    . . .     Gourm    .   z - +2 shield
rNeg     . . .     Faith    .   J - +7 chain mail "Ygoschoj" {rPois Str+6}
rPois    +         Spirit   .   c - +2 hat {MR+} (curse)
rElec    .         Reflect  +   A - scarf {repulsion}
rCorr    .         Harm     .   H - +0 pair of gloves
MR       +++..     Clarity  +   (no boots)
Stlth    ++........             G - +5 amulet of reflection (curse)
HPRegen  0.29/turn              i - +2 ring of slaying
MPRegen  0.22/turn              h - ring of protection from magic

@: flayed, repel missiles
A: distributed training, fangs 1, iridescent scales 1, agile 1, clever 1, sense
surroundings 1, strong nose
a: Curse Item, Scrying, Renounce Religion


You were on level 14 of the Dungeon.
You worshipped Ashenzari.
Ashenzari was extremely pleased with you.
You were very hungry.

You visited 4 branches of the dungeon, and saw 23 of its levels.
You also visited: Sewer.

You collected 1360 gold pieces.

Inventory:

Hand Weapons
 u - the +5 great sword of the Empty Page {protect, rF+ Stlth+}
   (You found it on level 4 of the Lair of Beasts)

   It grants its wielder temporary protection when it strikes (+7 to AC).
   It protects you from fire.
   It makes you more stealthy.
 M - a +3 war axe of draining (weapon)
 P - the +8 dagger "Koputic" {freeze, rF+}
   (You found it on level 9 of the Dungeon)

   It has been specially enchanted to freeze those struck by it, causing extra
   injury to most foes and up to half again as much damage against particularly
   susceptible opponents.
   It can also slow down cold-blooded creatures.
   It protects you from fire.
Armour
 c - a cursed +2 hat of magic resistance (worn)
 n - +0 fire dragon scales
 z - a +2 shield (worn)
 A - a scarf of repulsion (worn)
 H - a +0 pair of gloves (worn)
 J - the +7 chain mail "Ygoschoj" (worn) {rPois Str+6}
   (You found it on level 7 of the Dungeon)

   It affects your strength (+6).
   It protects you from poison.
 S - a +0 buckler
Jewellery
 h - a ring of protection from magic (right hand)
 i - a +2 ring of slaying (left hand)
 s - an uncursed ring of protection from magic
 B - an uncursed ring of stealth
 G - a cursed +5 amulet of reflection (around neck)
 I - an uncursed ring of positive energy
 W - an uncursed ring of resist corrosion
 X - a +4 ring of strength
Wands
 b - a wand of clouds (12)
 m - a wand of flame (64)
 r - a wand of digging (22)
 F - a wand of polymorph (11)
 R - a wand of scattershot (4)
 V - a wand of iceblast (5)
Scrolls
 e - 15 scrolls of teleportation
 g - 9 scrolls of identify
 p - 7 scrolls of magic mapping
 t - a scroll of blinking
 v - 9 scrolls of remove curse
 x - 3 scrolls of enchant armour
 y - 6 scrolls of enchant weapon
 D - 2 scrolls of silence
 K - 8 scrolls of fear
 N - 6 scrolls of amnesia
 U - a scroll of holy word
 Y - a scroll of fog
 Z - a scroll of brand weapon
Potions
 a - 3 potions of brilliance
 f - a potion of haste
 j - 4 potions of agility
 k - a potion of heal wounds
 l - 4 potions of curing
 o - 6 potions of flight
 q - 2 potions of lignification
 w - 5 potions of might
 C - a potion of berserk rage
 E - a potion of resistance
 L - a potion of invisibility
 O - 2 potions of cancellation
 Q - a potion of ambrosia
Miscellaneous
 T - a phial of floods (inert)
Comestibles
 d - 26 rations


   Skills:
 + Level 10.0 Fighting
 + Level 10.0 Short Blades
 + Level 10.0 Long Blades
 + Level 10.0 Axes
 + Level 10.0 Maces & Flails
 + Level 10.0 Polearms
 + Level 10.0 Staves
 + Level 10.0 Slings
 + Level 10.0 Bows
 + Level 10.0 Crossbows
 + Level 10.0 Throwing
 + Level 10.0 Armour
 + Level 10.9 Dodging
 + Level 10.8 Stealth
 + Level 10.0 Shields
 + Level 10.0 Unarmed Combat
 + Level 12.0 Spellcasting
 + Level 8.7 Conjurations
 + Level 8.4 Hexes
 + Level 8.4 Charms
 + Level 8.7 Summonings
 + Level 8.4 Necromancy
 + Level 8.7 Translocations
 + Level 8.4 Transmutations
 + Level 8.4 Fire Magic
 + Level 8.4 Ice Magic
 + Level 8.4 Air Magic
 + Level 8.4 Earth Magic
 + Level 8.4 Poison Magic
 + Level 10.8 Invocations
 + Level 10.0 Evocations


You had 21 spell levels left.
You knew the following spells:

 Your Spells              Type           Power        Failure   Level  Hunger
a - Magic Dart            Conj           ####         1%          1    None
b - Call Imp              Summ           ######..     2%          2    None
c - Summon Lightning Spi  Summ/Air       ######..     19%         4    None
d - Poisonous Vapours     Pois/Air       ######       3%          2    None
e - Conjure Flame         Conj/Fire      ######..     5%          3    None
f - Mephitic Cloud        Conj/Pois/Air  ######..     6%          3    None
i - Blink                 Tloc           N/A          2%          2    None

Your spell library contained the following spells:

 Spells                   Type           Power        Failure   Level  Hunger
 Confusing Touch          Hex            ######       1%          1    None
 Corona                   Hex            ######.      1%          1    None
 Freeze                   Ice            ####         1%          1    None
 Infusion                 Chrm           ####         1%          1    None
 Summon Butterflies       Summ           ######..     1%          1    None
 Summon Small Mammal      Summ           ####         1%          1    None
 Throw Frost              Conj/Ice       ######       2%          2    None
 Ensorcelled Hibernation  Hex/Ice        ######       3%          2    None
 Slow                     Hex            ######..     3%          2    None
 Call Canine Familiar     Summ           ######..     5%          3    None
 Dazzling Spray           Conj/Hex       ######       5%          3    None
 Gell's Gravitas          Tloc           ######....   5%          3    None
 Summon Guardian Golem    Hex/Summ       ######..     5%          3    None
 Confuse                  Hex            ######..     6%          3    None
 Ozocubu's Armour         Chrm/Ice       ######..     6%          3    None
 Spider Form              Tmut/Pois      ######....   6%          3    None
 Tukima's Dance           Hex            ######..     6%          3    None
 Summon Ice Beast         Ice/Summ       ######..     19%         4    None
 Throw Icicle             Conj/Ice       ######..     19%         4    None
 Petrify                  Tmut/Erth      ######..     21%         4    None
 Summon Mana Viper        Hex/Summ       ######..     45%         5    ###....
 Metabolic Englaciation   Hex/Ice        ######....   50%         5    ###....
 Yara's Violent Unravell  Hex/Tmut       ######....   50%         5    ###....
 Ring of Flames           Chrm/Fire      ######....   100%        7    ######.
 Summon Hydra             Summ           ######....   100%        7    ######.


Dungeon Overview and Level Annotations

Branches:
Dungeon (14/15)            Temple (1/1) D:4            Lair (6/6) D:8
 Shoals (0/4) Lair:3       Spider (2/4) Lair:4        Slime (0/5) Lair:6
    Orc (0/2) D:10          Sewer (visited)
 Vaults: D:13-14

Altars:
Ashenzari
Cheibriados
Dithmenos
Elyvilon
Fedhas
Gozag
Hepliaklqana
Kikubaaqudgha
Makhleb
Nemelex Xobeh
Okawaru
Qazlal
Ru
Sif Muna
Trog
Uskayaw
Vehumet
Wu Jian
Xom
Yredelemnul
Zin
The Shining One

Shops:
D:13 *

Annotations:
D:3 Grinder
D:6 3 runed translucent doors, brucemayne's ghost, novice HOMo
D:10 Fannar


Innate Abilities, Weirdness & Mutations

Your experience applies equally to all skills.
You have very sharp teeth.
Your uncanny sense of smell can sniff out nearby items.
You are partially covered in iridescent scales. (AC +2)
You are agile. (Dex +2)
Your mind is acute. (Int +2)
You passively map a small area around you.


Message History

You see here a book of Callings.
There is a stone staircase leading down here.
You climb downwards.
There is a stone staircase leading up, spattered with blood here.
You see here an ugly thing skeleton.
You see here the flail of Valour {crush, +Inv rElec rPois rC+}.
The crystal guardian fires a crystalline bolt at you.
The crystal bolt burns you!!
You hit the crystal guardian but do no damage.
The crystal guardian fires a crystalline bolt at you.
The crystal bolt burns you!
The flayed ghost stares at you with tortured malice.
Terrible wounds open up all over your body!
The crystal guardian fires a crystalline bolt at you.
The crystal bolt freezes you!!!
* * * LOW HITPOINT WARNING * * *
There is a stone staircase leading up, spattered with blood here.
The crystal guardian fires a crystalline bolt at you.
The crystal bolt burns you!!
You die...

...>....#..................####.#
................#.....##.......#.
................###..###...#!.###
.................##......###.##.#
..##........##..###.....###.##W..
.. ##.........####......##.##..#.
.* ##..........#..........##..###
.........p.........##.[.##..##)#
##..#........รท.@...##..##..##..}
* #..##....(.).......#.##..##.,
#..............8...#.##..##..*,*
.##..........#...........##..#* ,
...........##....W....##C.##, ,
*............###.........* ,,* *
#.#..........# #........ , *
..#*'''#......*#........ , ,
..##,..#...... ........., ,,*


You could see a crystal guardian, a flayed ghost and a neutral human
(wandering).

Vanquished Creatures
  Frances (D:14)
  Gastronok (D:7)
  Kirke (D:14)
  An entropy weaver (Spider:1)
  A fire dragon (Lair:6)
  4 hydras
  A centaur warrior (D:13)
  An ogre mage (D:11)
  7 death yaks
  2 two-headed ogres (D:11)
  Urug (D:13)
  Nergalle (D:10)
  2 unseen horrors
  A lindwurm (Lair:6)
  3 orb spiders (Spider:1)
  5 ugly things
  2 moths of wrath
  2 manticores
  7 wolf spiders
  3 molten gargoyles (Lair:6)
  3 elephants (Lair:6)
  4 black mambas (Lair:6)
  9 spiny frogs
  2 rime drakes (Lair:4)
  4 demonic crawlers
  4 komodo dragons
  2 trolls
  8 jumping spiders
  2 polar bears (Lair:4)
  3 hornets
  A tengu conjurer (D:13)
  9 blink frogs
  10 hippogriffs
  8 dream sheep
  A dream sheep (shapeshifter) (D:12)
  A shadow (D:11)
  A centaur simulacrum (D:11)
  17 redbacks
  5 wyverns (Lair:6)
  A human (D:14)
  42 yaks
  6 tarantellas (Spider:1)
  3 basilisks
  2 wargs (D:10)
  6 hungry ghosts
  4 hell hounds (Lair:6)
  8 porcupines
  18 water moccasins
  3 ice beasts
  3 phantoms
  4 orc warriors
  A sky beast (D:12)
  2 black bears (Lair:1)
  7 ogres
  A necrophage (D:6)
  6 wolves
  6 centaurs
  3 crocodiles
  A wyvern zombie (D:12)
  18 bullfrogs
  5 big kobolds
  A gnoll sergeant (D:8)
  5 scorpions
  A wyvern skeleton (D:13)
  16 killer bees
  7 wights
  An electric eel (D:13)
  6 howler monkeys
  8 crimson imps
  4 lava snakes (Lair:6)
  5 centaur zombies
  7 hounds
  A quasit (D:9)
  2 bullfrog zombies (D:12)
  6 jellies
  2 bullfrog skeletons
  6 orc priests
  3 centaur skeletons
  An iguana (D:10)
  Terence (D:3)
  9 orc wizards
  9 worker ants
  A killer bee zombie (D:6)
  A hound zombie (D:8)
  3 hound skeletons
  A howler monkey skeleton (D:8)
  12 gnolls
  2 worker ant zombies
  15 adders
  A river rat (Sewer)
  4 shadow imps
  A white imp (D:9)
  An adder zombie (D:10)
  3 oozes
  An adder skeleton (D:6)
  2 worms
  A dart slug (D:2)
  2 leopard geckos
  31 orcs
  A giant cockroach (D:2)
  6 goblins
  10 hobgoblins
  3 jackals
  5 quokkas
  5 bats
  7 frilled lizards
  13 kobolds
  A leopard gecko zombie (D:7)
  2 quokka zombies
  4 rats
  2 plants
533 creatures vanquished.

Vanquished Creatures (collateral kills)
  Rupert (D:13)
  Nessos (Lair:6)
  Harold (D:8)
  2 hydras (Lair:4)
  A two-headed ogre (D:11)
  A tengu warrior (D:13)
  4 death yaks (Lair:5)
  An orb spider (Spider:1)
  3 oklob plants
  9 ugly things
  A wolf spider (Spider:1)
  An elephant (Lair:6)
  3 spiny frogs
  A demonic crawler (Spider:2)
  2 trolls (D:14)
  A polar bear (Lair:3)
  6 jumping spiders (Spider:1)
  6 blink frogs
  A shadow (D:13)
  4 tarantellas (Spider:1)
  9 redbacks
  A wyvern (Lair:6)
  3 basilisks
  3 yaks
  2 steam dragons (Lair:6)
  3 water moccasins
  A sky beast (D:8)
  2 ogres (D:11)
  An eye of draining (D:11)
  A centaur (D:7)
  3 crocodiles
  A killer bee (D:9)
  A howler monkey (D:4)
  A lava snake (Lair:6)
  2 crimson imps (D:9)
  A gnoll shaman (D:7)
  2 worker ants
  2 adders
  7 gnolls
  A river rat (Sewer)
  An ooze (Lair:6)
  3 worms
  A leopard gecko (D:7)
  5 orcs
  A jackal (Sewer)
  3 kobolds (Sewer)
  A goblin (D:3)
  2 rats (Sewer)
  A plant (Lair:1)
115 creatures vanquished.

Vanquished Creatures (others)
  A redback (Spider:1)
  2 humans (D:14)
  A worker ant (D:14)
  An orc (D:14)
  9 fungi
  17 plants
31 creatures vanquished.

Grand Total: 679 creatures vanquished

Notes
Turn   | Place    | Note
-------+----------+-------------------------------------------
     0 | D:1      | Ink5 the Gnoll Wizard began the quest for the Orb.
     0 | D:1      | Reached XP level 1. HP: 13/13 MP: 8/8
   347 | D:1      | Reached XP level 2. HP: 19/19 MP: 7/10
   351 | D:1      | Learned a level 2 spell: Call Imp
   354 | D:1      | Learned a level 2 spell: Blink
   633 | D:1      | Reached XP level 3. HP: 25/25 MP: 7/11
   638 | D:1      | Learned a level 3 spell: Conjure Flame
   642 | D:1      | Learned a level 3 spell: Mephitic Cloud
  1336 | D:2      | Gained mutation: Scrolls take you a little longer to read.
                  | [potion of mutation]
  1336 | D:2      | Gained mutation: You are partially covered in rugged brown
                  | scales. (AC +1, +3% HP) [potion of mutation]
  1337 | D:2      | HP: 1/25 [poisoned by a worker ant]
  1341 | D:2      | Reached skill level 1 in Fighting
  1341 | D:2      | Reached skill level 1 in Short Blades
  1341 | D:2      | Reached skill level 1 in Long Blades
  1341 | D:2      | Reached skill level 1 in Axes
  1341 | D:2      | Reached skill level 1 in Maces & Flails
  1341 | D:2      | Reached skill level 1 in Polearms
  1341 | D:2      | Reached skill level 1 in Staves
  1341 | D:2      | Reached skill level 1 in Slings
  1341 | D:2      | Reached skill level 1 in Bows
  1341 | D:2      | Reached skill level 1 in Crossbows
  1341 | D:2      | Reached skill level 1 in Throwing
  1341 | D:2      | Reached skill level 1 in Armour
  1341 | D:2      | Reached skill level 1 in Shields
  1341 | D:2      | Reached skill level 1 in Unarmed Combat
  1341 | D:2      | Reached skill level 1 in Invocations
  1341 | D:2      | Reached skill level 1 in Evocations
  1341 | D:2      | Reached XP level 4. HP: 25/32 MP: 3/13
  1923 | D:2      | Reached skill level 1 in Hexes
  1923 | D:2      | Reached skill level 1 in Charms
  1923 | D:2      | Reached skill level 1 in Necromancy
  1923 | D:2      | Reached skill level 1 in Transmutations
  1923 | D:2      | Reached skill level 1 in Fire Magic
  1923 | D:2      | Reached skill level 1 in Ice Magic
  1923 | D:2      | Reached skill level 1 in Air Magic
  1923 | D:2      | Reached skill level 1 in Earth Magic
  1923 | D:2      | Reached skill level 1 in Poison Magic
  2186 | D:3      | Found a faded altar of an unknown god.
  2376 | D:3      | Noticed Grinder
  2492 | D:3      | Reached XP level 5. HP: 38/38 MP: 11/14
  2540 | D:3      | Noticed Terence
  2549 | D:3      | Killed Terence
  3086 | D:4      | Found a sparkling altar of Nemelex Xobeh.
  3467 | D:4      | Found a staircase to the Ecumenical Temple.
  3476 | Temple   | Entered the Ecumenical Temple
  3565 | Temple   | Became a worshipper of Ashenzari the Shackled
  3750 | D:4      | Reached XP level 6. HP: 45/45 MP: 1/16
  3756 | D:4      | Reached skill level 5 in Dodging
  3790 | D:4      | Identified the cursed +1 robe of Broken Taboos {+Blink
                  | rElec}
  4031 | D:4      | Found a stormy altar of Qazlal.
  4139 | D:4      | Found a blossoming altar of Fedhas.
  4314 | D:5      | Entered Level 5 of the Dungeon
  4338 | D:5      | Reached XP level 7. HP: 30/51 MP: 0/18
  4519 | D:5      | Found a glowing drain.
  4540 | Sewer    | Entered a sewer
  4684 | Sewer    | Found a glowing silver altar of Zin.
  4797 | D:5      | Found a basalt altar of Yredelemnul.
  4799 | D:5      | Found a glowing silver altar of Zin.
  4802 | D:5      | Found an iron altar of Okawaru.
  5105 | D:5      | Reached skill level 5 in Stealth
  5650 | D:5      | Reached XP level 8. HP: 48/58 MP: 8/19
  6048 | D:6      | Noticed a hippogriff
  6068 | D:6      | Killed a hippogriff
  6068 | D:6      | Reached skill level 8 in Spellcasting
  6246 | D:6      | Reached XP level 9. HP: 43/66 MP: 21/21
  6792 | D:6      | Found a hazy altar of Hepliaklqana.
  6793 | D:6      | Found a bloodstained altar of Trog.
  7157 | D:6      | Found a runed translucent gate.
  7157 | D:6      | Found a runed translucent gate.
  7157 | D:6      | Found a runed translucent gate.
  7240 | D:6      | Reached * piety under Ashenzari
  7410 | D:6      | Noticed a kobold demonologist
  7411 | D:6      | Noticed brucemayne's ghost (novice HOMo)
  7545 | D:6      | Found a hide-covered altar of Uskayaw.
  8408 | D:7      | Got the uncursed chain mail "Ygoschoj" {rPois Str+6}
  8418 | D:7      | Identified the +7 chain mail "Ygoschoj" {rPois Str+6} (You
                  | found it on level 7 of the Dungeon)
  8907 | D:7      | Reached skill level 5 in Invocations
  9076 | D:8      | Noticed a death yak
  9126 | D:8      | Noticed Harold
  9151 | D:8      | Killed Harold
  9151 | D:8      | Reached XP level 10. HP: 73/75 MP: 14/22
  9214 | D:8      | Noticed Gastronok
  9581 | D:7      | Killed Gastronok
  9581 | D:7      | Reached skill level 5 in Fighting
  9581 | D:7      | Reached skill level 5 in Short Blades
  9581 | D:7      | Reached skill level 5 in Long Blades
  9581 | D:7      | Reached skill level 5 in Axes
  9581 | D:7      | Reached skill level 5 in Maces & Flails
  9581 | D:7      | Reached skill level 5 in Polearms
  9581 | D:7      | Reached skill level 5 in Staves
  9581 | D:7      | Reached skill level 5 in Slings
  9581 | D:7      | Reached skill level 5 in Bows
  9581 | D:7      | Reached skill level 5 in Crossbows
  9581 | D:7      | Reached skill level 5 in Throwing
  9581 | D:7      | Reached skill level 5 in Armour
  9581 | D:7      | Reached skill level 5 in Shields
  9581 | D:7      | Reached skill level 5 in Unarmed Combat
  9581 | D:7      | Reached skill level 9 in Spellcasting
  9581 | D:7      | Reached skill level 5 in Conjurations
  9581 | D:7      | Reached skill level 5 in Summonings
  9581 | D:7      | Reached skill level 5 in Translocations
  9581 | D:7      | Reached skill level 5 in Evocations
 10236 | D:7      | Killed a death yak
 10541 | D:8      | Found a staircase to the Lair.
 10572 | D:8      | Reached XP level 11. HP: 82/83 MP: 14/24
 11132 | D:9      | Noticed a three-headed hydra
 11141 | D:9      | Killed a three-headed hydra
 11141 | D:9      | Reached skill level 5 in Hexes
 11141 | D:9      | Reached skill level 5 in Charms
 11141 | D:9      | Reached skill level 5 in Necromancy
 11141 | D:9      | Reached skill level 5 in Transmutations
 11141 | D:9      | Reached skill level 5 in Fire Magic
 11141 | D:9      | Reached skill level 5 in Ice Magic
 11141 | D:9      | Reached skill level 5 in Air Magic
 11141 | D:9      | Reached skill level 5 in Earth Magic
 11141 | D:9      | Reached skill level 5 in Poison Magic
 11216 | D:9      | Got the dagger "Koputic" {freeze, rF+}
 11216 | D:9      | Identified the +8 dagger "Koputic" {freeze, rF+} (You found
                  | it on level 9 of the Dungeon)
 11241 | D:9      | Learned a level 4 spell: Summon Lightning Spire
 11444 | D:9      | Identified the Grimoire of Boosting Venom
 11881 | D:10     | Entered Level 10 of the Dungeon
 11887 | D:10     | Noticed Fannar
 11946 | D:10     | Noticed Nergalle
 11967 | D:10     | Killed Nergalle
 12044 | D:10     | Reached ** piety under Ashenzari
 12620 | D:10     | Found a staircase to the Orcish Mines.
 12920 | Lair:1   | Entered Level 1 of the Lair of Beasts
 13172 | Lair:1   | Reached XP level 12. HP: 80/91 MP: 25/25
 13462 | Lair:1   | Reached skill level 10 in Spellcasting
 14622 | Lair:2   | Reached *** piety under Ashenzari
 16069 | Lair:3   | Noticed a six-headed hydra
 16081 | Lair:3   | Killed a six-headed hydra
 16357 | Lair:3   | Found a staircase to the Shoals.
 16773 | Lair:4   | Noticed a six-headed hydra
 16791 | Lair:4   | Killed a six-headed hydra
 17020 | Lair:4   | Reached XP level 13. HP: 100/100 MP: 27/27
 17025 | Lair:4   | Found a hole to the Spider Nest.
 17800 | Lair:4   | Got the great sword of the Empty Page {protect, rF+ Stlth+}
 17800 | Lair:4   | Identified the +5 great sword of the Empty Page {protect,
                  | rF+ Stlth+} (You found it on level 4 of the Lair of Beasts)
 17897 | Lair:5   | Reached **** piety under Ashenzari
 19088 | Lair:6   | Entered Level 6 of the Lair of Beasts
 19625 | Lair:6   | Noticed Nessos
 19916 | Lair:6   | Found a staircase to the Slime Pits.
 20023 | Lair:6   | Reached skill level 11 in Spellcasting
 20516 | Lair:6   | Found a large runed translucent door.
 20517 | Lair:6   | Found a large runed translucent door.
 20520 | Lair:6   | Noticed a fire dragon
 20597 | Lair:6   | Reached XP level 14. HP: 109/109 MP: 24/29
 21157 | Lair:6   | Killed Nessos
 21400 | Lair:6   | Reached skill level 10 in Dodging
 22609 | Spider:1 | Entered Level 1 of the Spider Nest
 22824 | Spider:1 | Noticed an emperor scorpion
 22833 | Lair:4   | Reached skill level 10 in Stealth
 23287 | Spider:1 | Reached skill level 10 in Invocations
 23592 | Spider:1 | Learned a level 2 spell: Poisonous Vapours
 24146 | Spider:1 | Noticed an entropy weaver
 24161 | Spider:1 | Killed an entropy weaver
 25173 | Spider:2 | Noticed an emperor scorpion
 25417 | D:11     | Reached XP level 15. HP: 114/117 MP: 5/30
 25872 | D:11     | Reached ***** piety under Ashenzari
 27361 | D:13     | Noticed Urug
 27377 | D:13     | Killed Urug
 27418 | D:13     | Found Pynium's Demolitions Depot.
 27599 | D:13     | Noticed Rupert
 28030 | D:13     | Killed Rupert
 28774 | D:8      | Lost mutation: You are partially covered in rugged brown
                  | scales. (AC +1, +3% HP) [potion of mutation]
 28774 | D:8      | Lost mutation: Scrolls take you a little longer to read.
                  | [potion of mutation]
 28774 | D:8      | Gained mutation: Armour fits poorly on your strangely
                  | shaped body. [potion of mutation]
 28774 | D:8      | Gained mutation: You possess an exceptional clarity of
                  | mind. [potion of mutation]
 28774 | D:8      | Gained mutation: You are partially covered in iridescent
                  | scales. (AC +2) [potion of mutation]
 28875 | D:5      | Lost mutation: You possess an exceptional clarity of mind.
                  | [potion of mutation]
 28875 | D:5      | Lost mutation: Armour fits poorly on your strangely shaped
                  | body. [potion of mutation]
 28875 | D:5      | Gained mutation: Your mind is acute. (Int +2) [potion of
                  | mutation]
 28875 | D:5      | Gained mutation: You are agile. (Dex +2) [potion of
                  | mutation]
 28875 | D:5      | Gained mutation: You passively map a small area around you.
                  | [potion of mutation]
 29047 | D:14     | Noticed Frances
 29061 | D:14     | Killed Frances
 29112 | D:14     | Noticed Kirke
 29122 | D:14     | Killed Kirke
 29122 | D:14     | Reached skill level 12 in Spellcasting
 29344 | D:13     | Reached skill level 10 in Fighting
 29344 | D:13     | Reached skill level 10 in Short Blades
 29344 | D:13     | Reached skill level 10 in Long Blades
 29344 | D:13     | Reached skill level 10 in Axes
 29344 | D:13     | Reached skill level 10 in Maces & Flails
 29344 | D:13     | Reached skill level 10 in Polearms
 29344 | D:13     | Reached skill level 10 in Staves
 29344 | D:13     | Reached skill level 10 in Slings
 29344 | D:13     | Reached skill level 10 in Bows
 29344 | D:13     | Reached skill level 10 in Crossbows
 29344 | D:13     | Reached skill level 10 in Throwing
 29344 | D:13     | Reached skill level 10 in Armour
 29344 | D:13     | Reached skill level 10 in Shields
 29344 | D:13     | Reached skill level 10 in Unarmed Combat
 29344 | D:13     | Reached skill level 10 in Evocations
 29712 | D:14     | Killed from afar by a crystal guardian

Levels and vault maps discovered:
D:1:      lightli_molten_gateway, layout_loops_ring, minmay_misc_feat_nine_boxes
D:2:      layout_loops_cross, first_ration
D:3:      layout_loops_ring, chequers_ecumenical_altar_lobes, uniq_grinder,
          uniq_terence
D:4:      layout_loops_ring, nemelex_xobeh_ov_fountains_minmay,
          fedhas_ov_isle_minmay, grunt_qazlal_clouds, minmay_temple_entry_arrows
D:5:      minmay_chambers_of_threes, layout_loops_ring,
          grunt_temple_overflow_diamond, cheibrodos_sewer_entry_bend,
          nrook_mini_backslash
D:6:      kennysheep_windowed_halls, layout_loops_corners, lemuel_crystal_altar,
          lemuel_round_altar, basic_altar, gammafunk_ghost_nasty_kobolds
D:7:      layout_cave_pods
D:8:      layout_cave_pools, david_lair_generic, uniq_gastronok, uniq_harold
D:9:      layout_basic, hangedman_ranch [blue_anna_fruit_fields],
          minmay_misc_feat_columns, minmay_nine_imps
D:10:     layout_roguey, david_orc_1_choice, glass_columns_a, uniq_fannar,
          uniq_nergalle
D:11:     layout_loops_ring
D:12:     layout_gridville, kennysheep_generic_room_14
D:13:     layout_loops_cross, serial_rivers, chequers_serial_rivers_small_3,
          chequers_serial_rivers_micro_a, chequers_serial_rivers_marsh,
          chequers_serial_rivers_small_a, chequers_serial_rivers_micro_a,
          serial_bayou_lagoon_a, nicolae_blasting_shop, kb_tengu_band,
          uniq_urug, uniq_rupert
D:14:     layout_cave_pools, david_vaults_1, kennysheep_cross_bottleneck,
          minmay_diamond_spiral, uniq_frances, uniq_kirke
Temple:   jpeg_temple_clearing
Lair:1:   layout_cave_pods, chequers_serial_rivers_micro_b,
          infiniplex_staircase_pool, grunt_megastairs_5, lemuel_fruit_fields,
          minmay_lair_oklob_chamber
Lair:2:   layout_roguey, chequers_serial_rivers_micro_d
Lair:3:   layout_cave_pods, minmay_shoals_entry_beasts,
          cheibrodos_lair_reptile_den
Lair:4:   layout_regular_city, spider_nest_entry_a, minmay_lair_oklob_items,
          beast_lair_carwin_2, lemuel_fruit_tree
Lair:5:   layout_regular_city, serial_bayou, serial_bayou_shore_a,
          serial_bayou_pond_b, serial_bayou_pond_e, serial_bayou_pond_c,
          grunt_megastairs_4
Lair:6:   cheibrodos_lair_end_hotspot, layout_cave_pods,
          nicolae_slime_entry_slimehenge, minivault_11, uniq_nessos
Spider:1: layout_chambers, spiders_nest_hornet_nest
Spider:2: layout_chambers, uniq_aizul

Skill      XL: |  1  2  3  4  5  6  7  8  9 10 11 12 13 14 15 |
---------------+----------------------------------------------+-----
Conjurations   | 2 3 4 5 6 7 8 |  8.7
Summonings     | 2 3 4 5 6 7 8 |  8.7
Translocations | 2 3 4 5 6 7 8 |  8.7
Fighting       | 1 2 3 4 5 6 7 8 9 10 | 10.0
Short Blades   | 1 2 3 4 5 6 7 8 9 10 | 10.0
Long Blades    | 1 2 3 4 5 6 7 8 9 10 | 10.0
Axes           | 1 2 3 4 5 6 7 8 9 10 | 10.0
Maces & Flails | 1 2 3 4 5 6 7 8 9 10 | 10.0
Polearms       | 1 2 3 4 5 6 7 8 9 10 | 10.0
Staves         | 1 2 3 4 5 6 7 8 9 10 | 10.0
Slings         | 1 2 3 4 5 6 7 8 9 10 | 10.0
Bows           | 1 2 3 4 5 6 7 8 9 10 | 10.0
Crossbows      | 1 2 3 4 5 6 7 8 9 10 | 10.0
Throwing       | 1 2 3 4 5 6 7 8 9 10 | 10.0
Armour         | 1 2 3 4 5 6 7 8 9 10 | 10.0
Shields        | 1 2 3 4 5 6 7 8 9 10 | 10.0
Unarmed Combat | 1 2 3 4 5 6 7 8 9 10 | 10.0
Invocations    | 1 2 3 4 5 6 7 8 9 10 | 10.8
Evocations     | 1 2 3 4 5 6 7 8 9 10 | 10.0
Hexes          | 1 2 3 4 5 6 7 8 |  8.4
Charms         | 1 2 3 4 5 6 7 8 |  8.4
Necromancy     | 1 2 3 4 5 6 7 8 |  8.4
Transmutations | 1 2 3 4 5 6 7 8 |  8.4
Fire Magic     | 1 2 3 4 5 6 7 8 |  8.4
Ice Magic      | 1 2 3 4 5 6 7 8 |  8.4
Air Magic      | 1 2 3 4 5 6 7 8 |  8.4
Earth Magic    | 1 2 3 4 5 6 7 8 |  8.4
Poison Magic   | 1 2 3 4 5 6 7 8 |  8.4
Dodging        | 5 6 7 8 9 10 | 10.9
Stealth        | 5 6 7 8 9 10 | 10.8
Spellcasting   | 8 9 10 11 12 | 12.0

Action                   |  1- 3 |  4- 6 |  7- 9 | 10-12 | 13-15 || total
-------------------------+-------+-------+-------+-------+-------++-------
Melee: Whip              |     2 |    13 |   231 |   101 |       ||   347
       Dagger            |     5 |    16 |       |   432 |    62 ||   515
       Bite              |     1 |     1 |    21 |    47 |   126 ||   196
       Punch             |       |       |     5 |     2 |       ||     7
       Great sword       |       |       |       |       |   617 ||   617
       War axe           |       |       |       |       |    59 ||    59
 Cast: Magic Dart        |    81 |    96 |    99 |    82 |   102 ||   460
       Conjure Flame     |     3 |     7 |    11 |    40 |    42 ||   103
       Blink             |     1 |     2 |     1 |    15 |    18 ||    37
       Call Imp          |       |     8 |    28 |    10 |     1 ||    47
       Mephitic Cloud    |       |     5 |    19 |    43 |    31 ||    98
       Summon Lightning  |       |       |       |    17 |    71 ||    88
       Poisonous Vapours |       |       |       |       |     1 ||     1
Invok: Curse Item        |       |       |       |     2 |       ||     2
Evoke: Wand              |       |       |     3 |    16 |     6 ||    25
       Crystal ball of e |       |       |       |       |     2 ||     2
       Phial of floods   |       |       |       |       |     2 ||     2
       Sack of spiders   |       |       |       |       |     1 ||     1
  Use: Potion            |     4 |       |       |     1 |     9 ||    14
       Scroll            |       |    10 |       |       |    15 ||    25
 Stab: Confused          |       |     1 |    12 |    26 |    15 ||    54
       Distracted        |       |       |     3 |     3 |    16 ||    22
       Sleeping          |       |       |     1 |    11 |     7 ||    19
  Eat: Chunk             |     1 |     8 |    10 |    23 |    31 ||    73
       Ration            |       |       |     2 |     1 |     4 ||     7
Armor: Robe              |     5 |     4 |       |       |       ||     9
       Ring mail         |       |     8 |    80 |    93 |    10 ||   191
       Chain mail        |       |       |       |    31 |   538 ||   569
Dodge: Dodged            |    13 |    26 |   121 |   188 |   557 ||   905
       Deflected         |       |       |     5 |     3 |    13 ||    21
Block: Shield            |       |       |    25 |    23 |    53 ||   101
       Buckler           |       |       |       |   167 |    17 ||   184
       Other             |       |       |       |     7 |   237 ||   244
       Reflection        |       |       |       |     6 |     4 ||    10
       Rpst.: Great sword |       |       |       |       |   130 ||   130
